 Dungeon Crawl Stone Soup version 0.28-a0-1241-gf280a0fbb2 (webtiles) character file.

Game seed: 16050644380855641214

2537 Grim the Fighter (level 9, -1/74 HPs)
             Began as a Djinni Ice Elementalist on Dec 26, 2021.
             Was a Follower of Makhleb.
             Slain by an unseen horror (2 damage)
             ... on level 7 of the Dungeon.
             The game lasted 00:22:28 (11271 turns).

Grim the Fighter (Djinni Ice Elementalist)         Turns: 11271, Time: 00:22:29

Health: -1/74      AC:  3    Str:  9    XL:     9   Next: 85%
Gold:   291        EV: 12    Int: 19    God:    Makhleb [*.....] SH:  0 Dex: 14

rFire   + + .      SeeInvis .   C - +5 quarterstaff
rCold   x . .      Faith    +   (shield currently unavailable)
rNeg    . . .      Spirit   .   a - +0 robe
rPois   ∞          Reflect  .   u - +0 helmet
rElec   .          Harm     .   (no cloak)
rCorr   +          Rampage  .   (no gloves)
Will    .....                   (boots unavailable)
Stlth   ++........              A - amulet of faith
HPRegen 0.22/turn               b - ring of resist corrosion
MPRegen 0.00/turn               (no ring)

@: flying
A: sickness immunity, fire resistance 2, cold vulnerability 1, float, innate
caster, hp casting, extra vitality 1
a: Renounce Religion


You were on level 7 of the Dungeon.
You worshipped Makhleb.
Makhleb was aware of your devotion.
You visited 2 branches of the dungeon, and saw 8 of its levels.
You also visited: Ossuary.

You collected 291 gold pieces.

Inventory:

Hand Weapons
 d - a +0 rapier
 C - a +5 quarterstaff (weapon)
Missiles
 p - a boomerang
 B - 4 atropa-tipped darts
Armour
 a - a +0 robe (worn)
 u - a +0 helmet (worn)
Magical Staves
 q - a staff of earth
Jewellery
 b - a ring of resist corrosion (left hand)
 A - an amulet of faith (around neck)
Wands
 l - a wand of polymorph (12)
 o - a wand of iceblast (8)
 E - a wand of acid (15)
Scrolls
 f - 3 scrolls of identify {unknown}
 j - a scroll of teleportation {unknown}
 k - a scroll of fear {unknown}
 m - 2 scrolls of immolation {unknown}
 n - 2 scrolls of enchant weapon {unknown}
 t - 2 scrolls of amnesia {unknown}
 v - 3 scrolls of magic mapping {unknown}
 w - a scroll of vulnerability {unknown}
 y - a scroll of blinking {unknown}
 D - 2 scrolls of enchant armour {unknown}
Potions
 c - 3 potions of degeneration {unknown}
 e - 3 potions of heal wounds {unknown}
 g - 5 potions of curing
 h - 2 potions of berserk rage {unknown}
 i - 3 potions of brilliance {unknown}
 r - a potion of flight {unknown}
 s - 2 potions of might {unknown}
 x - 2 potions of haste {unknown}
 z - a potion of mutation {unknown}


   Skills:
 * Level 9.6 Fighting
 - Level 2.4 Staves
 - Level 2.1 Dodging
 - Level 1.5 Stealth
 - Level 5.3 Spellcasting
 + Level 4.9 Invocations


You couldn't memorise any spells.
You knew the following spells:

 Your Spells              Type           Power      Damage    Failure   Level
a - Freeze                Ice            100%       1d11      1%          1
b - Frozen Ramparts       Ice            50%        1d7       4%          3
c - Ozocubu's Armour      Ice            25%        N/A       4%          3
d - Hailstorm             Conj/Ice       25%        3d7       13%         4
e - Foxfire               Conj/Fire      100%       2x1d9     1%          1
f - Blink                 Tloc           50%        N/A       1%          2
g - Call Imp              Summ           25%        N/A       1%          2
h - Ice Form              Ice/Tmut       25%        N/A       13%         4
Your spell library was empty.

Dungeon Overview and Level Annotations

Branches:
Dungeon (7/15)             Temple (1/1) D:5         Ossuary (visited)

Altars:
Cheibriados
Dithmenos
Elyvilon
Fedhas
Gozag
Hepliaklqana
Kikubaaqudgha
Makhleb
Nemelex Xobeh
Qazlal
Ru
Sif Muna
Trog
Uskayaw
Wu Jian
Xom
Yredelemnul
Zin
The Shining One


Innate Abilities, Weirdness & Mutations

You are immune to sickness and miasma.
You are immune to poison.
Your flesh is very heat resistant. (rF++)
You are vulnerable to cold. (rC-)
You float through the air rather than walking.
You learn spells naturally, not from books.
Your magical power is your life essence.
You have superior vitality. (+4 MHP)


Message History

You see here a fizzy dark potion.
Something hits you. Something hits you! x2
You sock something! Something hits you.
* * * LOW HITPOINT WARNING * * *
Something hits you.
* * * LOW HITPOINT WARNING * * *
Casting: Freeze (safe; 1% risk of failure)
Confirm with . or Enter, or press ? or * to list all spells.
A shadowy apparition takes form in the air.
* * * LOW HITPOINT WARNING * * *
Something barely misses you. Something hits you but does no damage.
Something hits you!
* * * LOW HITPOINT WARNING * * *
Casting: Call Imp (safe; 1% risk of failure)
Confirm with . or Enter, or press ? or * to list all spells.
You blink.
* * * LOW HITPOINT WARNING * * *
Casting: Blink (safe; 1% risk of failure)
Confirm with . or Enter, or press ? or * to list all spells.
You are still too unstable to blink.
Found a scroll labelled HUCVI OGRI.
Something hits you!
* * * LOW HITPOINT WARNING * * *
Something hits you!
* * * LOW HITPOINT WARNING * * *
You feel stable enough to blink again.
It was a potion of curing.
You feel better. Something hits you but does no damage.
Casting: Blink (safe; 1% risk of failure)
Confirm with . or Enter, or press ? or * to list all spells.
You blink.
Found 2 scrolls labelled HUCVI OGRI and 15 gold pieces.
* * * LOW HITPOINT WARNING * * *
Something hits you!
* * * LOW HITPOINT WARNING * * *
Something hits you.
* * * LOW HITPOINT WARNING * * *
You feel stable enough to blink again. Something hits you.
You die...

........5...........
##...........##.####
#.........#....###.
#..................
#..?......###......
#..............#.#.
####....$....####...#.
#............ #..##.
#....@.......####.....
#....?................
#............###.##...
###..#.....#.##.....^.
.$. ######.....##...
.... ##.....#......
...#. ###..###......<.
......
................
......†........#


There were no monsters in sight!

Vanquished Creatures
  Menkaure (D:7)
  A water moccasin (D:6)
  An orc warrior (D:6)
  A sky beast (D:7)
  2 black bears
  2 necrophages (D:6)
  2 ogres
  2 centaurs
  Blork the orc (D:5)
  A bullfrog (D:7)
  3 scorpions (D:5)
  7 killer bees (D:7)
  4 wights (D:6)
  A bullfrog zombie (D:5)
  A centaur skeleton (D:7)
  3 hounds
  A bullfrog skeleton (D:4)
  Ijyb (D:3)
  An iguana (D:6)
  An orc wizard (D:3)
  9 adders
  2 white imps
  An adder skeleton (D:4)
  4 worms
  2 dart slugs
  22 orcs
  A spectral bat (Ossuary)
  9 endoplasms
  A giant cockroach (D:1)
  10 gnoll zombies (Ossuary)
  3 hobgoblins
  7 jackals
  A quokka (D:3)
  6 ball pythons
  4 bats
  6 bat simulacra (Ossuary)
  4 frilled lizards
  4 goblins
  5 goblin simulacra (Ossuary)
  3 goblin zombies (Ossuary)
  A hobgoblin zombie (Ossuary)
  6 kobolds
  5 kobold simulacra (Ossuary)
  5 kobold zombies (Ossuary)
  4 orc zombies (Ossuary)
  5 rats
  3 spectral goblins (Ossuary)
  3 spectral kobolds (Ossuary)
  2 spectral rats (Ossuary)
175 creatures vanquished.

Vanquished Creatures (collateral kills)
  A bullfrog (D:6)
  A bullfrog zombie (D:7)
  An orc wizard (D:6)
  A mummy (Ossuary)
  2 orcs (D:6)
  A spectral bat (Ossuary)
  2 gnoll zombies (Ossuary)
  2 bat simulacra (Ossuary)
  A goblin zombie (Ossuary)
  2 hobgoblin zombies (Ossuary)
  A kobold zombie (Ossuary)
  An orc zombie (Ossuary)
  A spectral goblin (Ossuary)
  A spectral kobold (Ossuary)
  2 spectral rats (Ossuary)
20 creatures vanquished.

Vanquished Creatures (others)
  195 foxfires
195 creatures vanquished.

Grand Total: 390 creatures vanquished

Notes
Turn   | Place    | Note
-------+----------+-------------------------------------------
     0 | D:1      | Grim the Djinni Ice Elementalist began the quest for the
                  | Orb.
     0 | D:1      | Reached XP level 1. HP: 15/15 MP: 0/0
   193 | D:1      | Reached skill level 1 in Fighting
   306 | D:1      | Reached XP level 2. HP: 21/22 MP: 0/0
   957 | D:1      | Found a faded altar of an unknown god.
  1269 | D:2      | Reached skill level 2 in Fighting
  1269 | D:2      | Reached XP level 3. HP: 19/28 MP: 0/0
  1269 | D:2      | Learned a level 1 spell: Foxfire
  1508 | D:2      | Found an ornate altar of the Wu Jian Council.
  1541 | D:2      | Reached XP level 4. HP: 23/34 MP: 0/0
  2086 | D:2      | Reached skill level 3 in Fighting
  2939 | D:3      | Reached XP level 5. HP: 27/40 MP: 0/0
  2939 | D:3      | Learned a level 2 spell: Blink
  3457 | D:3      | Noticed Ijyb
  3464 | D:3      | Killed Ijyb
  3838 | D:3      | Reached skill level 4 in Fighting
  4342 | D:3      | Reached XP level 6. HP: 46/47 MP: 0/0
  4469 | D:4      | Noticed an ogre
  4486 | D:4      | Killed an ogre
  4884 | D:4      | Reached skill level 1 in Staves
  5629 | D:4      | Reached XP level 7. HP: 52/53 MP: 0/0
  5629 | D:4      | Learned a level 2 spell: Call Imp
  5735 | D:5      | Entered Level 5 of the Dungeon
  6048 | D:5      | Found a sand-covered staircase.
  6056 | Ossuary  | Entered an ossuary
  6185 | Ossuary  | Reached skill level 5 in Fighting
  7495 | D:5      | Reached skill level 5 in Spellcasting
  7732 | D:5      | Reached XP level 8. HP: 57/61 MP: 0/0
  7775 | D:5      | Reached skill level 6 in Fighting
  8039 | D:5      | Found a staircase to the Ecumenical Temple.
  8089 | D:5      | Found a faded altar of an unknown god.
  8089 | D:5      | Noticed Blork the orc
  8107 | D:5      | Killed Blork the orc
  8136 | Temple   | Entered the Ecumenical Temple
  8340 | Temple   | Became a worshipper of Makhleb the Destroyer
  8379 | D:5      | Found a hazy altar of Hepliaklqana.
  8586 | D:6      | Reached skill level 1 in Invocations
  8679 | D:6      | Reached skill level 7 in Fighting
  9569 | D:6      | Reached XP level 9. HP: 47/70 MP: 0/0
  9569 | D:6      | Learned a level 4 spell: Ice Form
  9803 | D:6      | Reached skill level 8 in Fighting
 10808 | D:7      | Noticed Menkaure
 10813 | D:7      | Reached * piety under Makhleb
 10814 | D:7      | Reached skill level 9 in Fighting
 10819 | D:7      | Killed Menkaure
 11269 | D:7      | HP: 2/74 [something (9)]
 11271 | D:7      | Slain by an unseen horror

Illustrated notes

Levels and vault maps discovered:
D:1:      co_arrival_square_in_a_square_in_a_square, layout_basic,
          dreamdust_ecumenical_altar_statues
D:2:      layout_basic, basic_altar
D:3:      layout_basic, uniq_ijyb
D:4:      layout_basic
D:5:      layout_basic, beargit_hepliaklqana_dungeon_heroes,
          minmay_temple_entry_mist, enter_ossuary_5,
          hangedman_abyss_or_decor_stagger, minmay_splitting_lines,
          uniq_blork_the_orc
D:6:      layout_cave_pods, lemuel_old_faithful
D:7:      layout_rooms, amethyst_killhole, uniq_menkaure,
          uniq_crazy_yiuf_cottage
Temple:   mainiacjoe_temple_coin_purse

Skill      XL: |  1  2  3  4  5  6  7  8  9 |
---------------+----------------------------+-----
Fighting       | 1 2 3 4 5 7 9 |  9.6
Spellcasting   | 4 5 |  5.3
Staves         | 1 2 |  2.4
Invocations    | 3 4 |  4.9
Dodging        | |  2.1
Stealth        | |  1.5

Action                   |  1- 3 |  4- 6 |  7- 9 || total
-------------------------+-------+-------+-------++-------
Melee: Unarmed           |     1 |       |       ||     1
       Rapier            |    10 |    42 |       ||    52
       Staff             |       |    13 |   106 ||   119
       Quarterstaff      |       |       |    25 ||    25
 Cast: Freeze            |    33 |    43 |    76 ||   152
       Frozen Ramparts   |       |     8 |    10 ||    18
       Foxfire           |       |    30 |    86 ||   116
       Blink             |       |     4 |     3 ||     7
       Hailstorm         |       |     1 |     4 ||     5
       Ozocubu's Armour  |       |     1 |    15 ||    16
       Call Imp          |       |       |    25 ||    25
  Use: Potion            |       |       |     1 ||     1
 Stab: Sleeping          |     2 |     1 |       ||     3
Armor: Robe              |     8 |    10 |    90 ||   108
Dodge: Dodged            |    26 |    62 |   233 ||   321

Table legend: (Time is in decaauts)
 A = Elapsed time spent in this place.
 B = Non-inter-level travel time spent in this place.
 C = Inter-level travel time spent in this place.
 D = Time resting spent in this place.
 E = Time spent auto-exploring this place.
 F = Levels seen in this place.
 G = Mean time per level.
                   A        B        C        D        E       F      G
               +--------+--------+--------+--------+--------+-----+--------+
         Total |  11303 |  11070 |    233 |   5237 |   4379 |   9 | 1255.9 |
       Dungeon |   9943 |   9722 |    221 |   5012 |   3676 |   7 | 1420.4 |
        Temple |    216 |    204 |     12 |     81 |     86 |   1 |  216.0 |
       Ossuary |   1143 |   1143 |      0 |    144 |    617 |   1 | 1143.0 |
               +--------+--------+--------+--------+--------+-----+--------+

Top non-repeatable levels by time:
     D:3: 2068 daAuts
     D:6: 1893 daAuts
     D:5: 1458 daAuts
     D:2: 1386 daAuts
     D:4: 1308 daAuts
     D:1: 1263 daAuts
 Ossuary: 1143 daAuts
     D:7: 564 daAuts
  Temple: 216 daAuts
